EVO
STANFORD UNIVERSITY CARDINAL @ RICE UNIVERSITY OWLS
08/05/2048
 
TOP OF THE 1ST
Stanford University Cardinal batting - Pitching for Rice University Owls : RHP Chris Hallman
Pitching: RHP Chris Hallman
Batting: RHB John Van der Linden 0-0: Called Strike
0-1: Foul Ball, location: 2F
0-2: Ball
1-2: Ball
2-2: Ball
3-2: Foul Ball, location: 2F
3-2: Base on Balls
Batting: RHB Joe Gabriel 0-0: Ball
1-0: Called Strike
1-1: Called Strike
1-2: Ball
2-2: Grounds into double play, 6-4-3 (Groundball, 56, EV 83.8 MPH)
Batting: LHB Donny Kleinjan 0-0: SINGLE (Groundball, 4D, EV 99.4 MPH)
Batting: RHB Josh Benefield 0-0: Called Strike
0-1: Fielders Choice at 2nd, 6-4 (Groundball, 6, EV 83.8 MPH)
Top of the 1st over - 0 runs, 1 hit, 0 errors, 1 left on base; Stanford University 0 - Rice University 0
BOTTOM OF THE 1ST
Rice University Owls batting - Pitching for Stanford University Cardinal : RHP Joe Kill
Pitching: RHP Joe Kill
Batting: RHB Caleb Mercer 0-0: Called Strike
0-1: Called Strike
0-2: Ball
1-2: Foul Ball, location: 2F
1-2: Strikes out swinging
Batting: RHB Javier Quinones 0-0: Ball
1-0: Ball
2-0: Swinging Strike
2-1: SINGLE (Line Drive, 89S, EV 93.8 MPH)
Batting: SHB Ken Wilson 0-0: Fly out, F8 (Flyball, 8LD, EV 90.0 MPH)
Batting: LHB Sergio Becerra 0-0: Ground out 4-3 (Groundball, 4, EV 89.4 MPH)
Bottom of the 1st over - 0 runs, 1 hit, 0 errors, 1 left on base; Stanford University 0 - Rice University 0
TOP OF THE 2ND
Stanford University Cardinal batting - Pitching for Rice University Owls : RHP Chris Hallman
Batting: LHB Mike Keating 0-0: Called Strike
0-1: Fly out, F4 (Popup, 4, EV 66.9 MPH)
Batting: LHB Caleb Hartwell 0-0: SINGLE (Line Drive, 7LS, EV 106.9 MPH)
Batting: RHB Dzevat Koljevic 0-0: Foul Ball, location: 2F
0-1: Ball
1-1: Fly out, F7 (Line Drive, 7D, EV 90.6 MPH)
Batting: RHB Mike Gard 0-0: Ball
1-0: Foul Ball, location: 2F
1-1: Fly out, F8 (Flyball, 89D, EV 89.4 MPH)
Top of the 2nd over - 0 runs, 1 hit, 0 errors, 1 left on base; Stanford University 0 - Rice University 0
BOTTOM OF THE 2ND
Rice University Owls batting - Pitching for Stanford University Cardinal : RHP Joe Kill
Batting: LHB Chris Gonzales 0-0: Ball
1-0: Called Strike
1-1: Ball
2-1: SINGLE (Groundball, 6MD, EV 96.2 MPH)
Batting: SHB Dave Van Sickle 0-0: Called Strike
0-1: Ball
1-1: Ball
2-1: Ball
3-1: Fly out, F9 (Flyball, 9D, EV 92.5 MPH)
Batting: RHB Bill Turcotte 0-0: Fly out, F9 (Flyball, 89D, EV 96.2 MPH)
Batting: RHB Allen Jarvis 0-0: Foul Ball, location: 2F
0-1: Ball
Chris Gonzales steals 2nd base (no throw)
1-1: Fly out, F8 (Flyball, 8LM, EV 89.4 MPH)
Bottom of the 2nd over - 0 runs, 1 hit, 0 errors, 1 left on base; Stanford University 0 - Rice University 0
TOP OF THE 3RD
Stanford University Cardinal batting - Pitching for Rice University Owls : RHP Chris Hallman
Batting: RHB Ted Hickey 0-0: Ball
1-0: Ball
2-0: Foul Ball, location: 2F
2-1: Foul Ball, location: 2F
2-2: Ball
3-2: Strikes out looking
Batting: RHB John Van der Linden 0-0: Called Strike
0-1: Foul Ball, location: 2F
0-2: Ball
1-2: Ball
2-2: Strikes out looking
Batting: RHB Joe Gabriel 0-0: Ball
1-0: Ball
2-0: Fly out, F3 (Popup, 23F, EV 91.9 MPH)
Top of the 3rd over - 0 runs, 0 hits, 0 errors, 0 left on base; Stanford University 0 - Rice University 0
BOTTOM OF THE 3RD
Rice University Owls batting - Pitching for Stanford University Cardinal : RHP Joe Kill
Batting: RHB Emanuel Pulido 0-0: Swinging Strike
0-1: Swinging Strike
0-2: Ball
1-2: Ball
2-2: Ball
3-2: Ground out 6-3 (Groundball, 6, EV 77.5 MPH)
Batting: RHB Caleb Mercer 0-0: Ball
1-0: Foul Ball, location: 2F
1-1: Foul Ball, location: 2F
1-2: Ball
2-2: Ground out 6-3 (Groundball, 6, EV 101.9 MPH)
Batting: RHB Javier Quinones 0-0: Ball
1-0: Foul Ball, location: 2F
1-1: Ground out 6-3 (Groundball, 6, EV 78.8 MPH)
Bottom of the 3rd over - 0 runs, 0 hits, 0 errors, 0 left on base; Stanford University 0 - Rice University 0
TOP OF THE 4TH
Stanford University Cardinal batting - Pitching for Rice University Owls : RHP Chris Hallman
Batting: LHB Donny Kleinjan 0-0: Ball
1-0: Ball
2-0: Fly out, F8 (Flyball, 8RD, EV 106.2 MPH)
Batting: RHB Josh Benefield 0-0: Swinging Strike
0-1: Called Strike
0-2: Ball
1-2: Foul Ball, location: 2F
1-2: Ball
2-2: Ball
3-2: Strikes out swinging
Batting: LHB Mike Keating 0-0: Ball
1-0: Ball
2-0: Ball
3-0: Called Strike
3-1: Base on Balls
Batting: LHB Caleb Hartwell 0-0: Called Strike
0-1: Ground out U3 (Groundball, 34, EV 84.4 MPH)
Top of the 4th over - 0 runs, 0 hits, 0 errors, 1 left on base; Stanford University 0 - Rice University 0
BOTTOM OF THE 4TH
Rice University Owls batting - Pitching for Stanford University Cardinal : RHP Joe Kill
Batting: SHB Ken Wilson 0-0: Called Strike
0-1: Swinging Strike
0-2: Foul Ball, location: 2F
0-2: Ball
1-2: Strikes out swinging, 2-3 out at first.
Batting: LHB Sergio Becerra 0-0: Called Strike
0-1: Swinging Strike
0-2: Ball
1-2: Foul Ball, location: 2F
1-2: Foul Ball, location: 2F
1-2: Foul Ball, location: 2F
1-2: Ball
2-2: Ball
3-2: Base on Balls
Batting: LHB Chris Gonzales 0-0: Called Strike
0-1: Called Strike
0-2: Ball
1-2: Ball
2-2: Ball
3-2: Foul Ball, location: 2F
3-2: Strikes out looking
Batting: SHB Dave Van Sickle 0-0: Ball
Wild Pitch!
Sergio Becerra to second
1-0: Called Strike
1-1: Foul Ball, location: 2F
1-2: Foul Ball, location: 2F
1-2: Strikes out swinging
Bottom of the 4th over - 0 runs, 0 hits, 0 errors, 1 left on base; Stanford University 0 - Rice University 0
TOP OF THE 5TH
Stanford University Cardinal batting - Pitching for Rice University Owls : RHP Chris Hallman
Batting: RHB Dzevat Koljevic 0-0: Swinging Strike
0-1: SINGLE (Groundball, 4MD, EV 107.5 MPH)
Batting: RHB Mike Gard 0-0: Swinging Strike
0-1: Called Strike
0-2: Strikes out swinging
Batting: RHB Ted Hickey 0-0: Called Strike
0-1: Ball
1-1: Called Strike
1-2: Fielders Choice at 2nd, 5-4 (Groundball, 56, EV 83.1 MPH)
Batting: RHB John Van der Linden 0-0: Ball
Ted Hickey is caught stealing 2nd base 2-4
Top of the 5th over - 0 runs, 1 hit, 0 errors, 0 left on base; Stanford University 0 - Rice University 0
BOTTOM OF THE 5TH
Rice University Owls batting - Pitching for Stanford University Cardinal : RHP Joe Kill
Pitching: RHP John Hollinger
Batting: RHB Bill Turcotte 0-0: Ball
1-0: Foul Ball, location: 2F
1-1: Swinging Strike
1-2: Ball
2-2: Strikes out looking
Batting: RHB Allen Jarvis 0-0: Ball
1-0: Ball
2-0: Ball
3-0: Called Strike
3-1: Base on Balls
Batting: RHB Emanuel Pulido 0-0: Called Strike
0-1: Ball
1-1: Ball
Allen Jarvis is caught stealing 2nd base 2-4
2-1: Foul Ball, location: 2F
2-2: Strikes out swinging
Bottom of the 5th over - 0 runs, 0 hits, 0 errors, 0 left on base; Stanford University 0 - Rice University 0
TOP OF THE 6TH
Stanford University Cardinal batting - Pitching for Rice University Owls : RHP Chris Hallman
Now at C: Aldred Lieshout
Now at 1B: Wendel van Baal
Now at 2B: Alex Alvarez
Batting: RHB John Van der Linden 0-0: Ball
1-0: Called Strike
1-1: Swinging Strike
1-2: Foul Ball, location: 2F
1-2: Foul Ball, location: 2F
1-2: Foul Ball, location: 2F
1-2: Foul Ball, location: 2F
1-2: Ball
2-2: Foul Ball, location: 2F
2-2: Ball
3-2: Foul Ball, location: 2F
3-2: Foul Ball, location: 2F
3-2: Foul Ball, location: 2F
3-2: Fly out, F8 (Flyball, 8RM, EV 94.4 MPH)
Pinch Hitting: LHB Bryan Davidson 0-0: Ball
1-0: Ball
2-0: Ball
3-0: Called Strike
3-1: Base on Balls
Pitching: LHP Jose Ruiz
Batting: LHB Donny Kleinjan 0-0: Ball
1-0: Called Strike
1-1: Foul Ball, location: 2F
1-2: 2-RUN HOME RUN (Flyball, 7D, EV 101.2 MPH), Distance : 422 ft
Batting: RHB Josh Benefield 0-0: Called Strike
0-1: Called Strike
0-2: Strikes out looking
Batting: LHB Mike Keating 0-0: Ball
1-0: Swinging Strike
1-1: Fly out, F8 (Flyball, 8RD, EV 91.9 MPH)
Top of the 6th over - 2 runs, 1 hit, 0 errors, 0 left on base; Stanford University 2 - Rice University 0
BOTTOM OF THE 6TH
Rice University Owls batting - Pitching for Stanford University Cardinal : RHP John Hollinger
Pitching: RHP Warren Waldman
Now in CF: Bryan Davidson
Pinch Hitting: RHB Jose Soto 0-0: Called Strike
0-1: Ball
1-1: Ball
2-1: Foul Ball, location: 2F
2-2: Strikes out swinging
Batting: RHB Javier Quinones 0-0: Ball
1-0: Called Strike
1-1: Swinging Strike
1-2: Ball
2-2: Strikes out swinging
Batting: RHB Nick Biel 0-0: Ground out U3 (Groundball, 34, EV 84.4 MPH)
Bottom of the 6th over - 0 runs, 0 hits, 0 errors, 0 left on base; Stanford University 2 - Rice University 0
TOP OF THE 7TH
Stanford University Cardinal batting - Pitching for Rice University Owls : LHP Jose Ruiz
Now in LF: Jose Soto
Now in RF: Dave Van Sickle
Batting: LHB Andy Swan 0-0: Swinging Strike
0-1: DOUBLE (Flyball, 78D, EV 95.6 MPH)
Batting: RHB Dzevat Koljevic 0-0: Ball
1-0: Ball
2-0: Swinging Strike
2-1: Foul Ball, location: 2F
2-2: DOUBLE (Line Drive, 9LS, EV 96.9 MPH)
Andy Swan scores
Batting: RHB Mike Gard 0-0: Foul Ball, location: 2F
0-1: Ball
1-1: Foul Ball, location: 2F
1-2: Ball
2-2: Ball
3-2: Strikes out swinging
Pinch Hitting: RHB Joe Petley 0-0: Called Strike
0-1: Foul Ball, location: 2F
0-2: Ball
1-2: Strikes out swinging
Pitching: RHP Daniel Bushby
Batting: RHB John Van der Linden 0-0: Ball
1-0: Ball
2-0: Ball
3-0: Base on Balls
Batting: LHB Bryan Davidson 0-0: Swinging Strike
0-1: Ball
1-1: Ball
2-1: Ball
3-1: Base on Balls
Dzevat Koljevic to third
John Van der Linden to second
Batting: LHB Donny Kleinjan 0-0: Called Strike
0-1: Foul Ball, location: 2F
0-2: Ground out U3 (Groundball, 34, EV 90.6 MPH)
Top of the 7th over - 1 run, 2 hits, 0 errors, 3 left on base; Stanford University 3 - Rice University 0
BOTTOM OF THE 7TH
Rice University Owls batting - Pitching for Stanford University Cardinal : RHP Warren Waldman
Pitching: LHP Carlton Hookway
Now at 3B: Joe Petley
Batting: SHB Wendel van Baal 0-0: Ball
1-0: Ball
2-0: Fly out, F2 (Popup, 3SF, EV 71.9 MPH)
Batting: LHB Chris Gonzales 0-0: Ball
1-0: Swinging Strike
1-1: Foul Ball, location: 2F
1-2: Foul Ball, location: 2F
1-2: Foul Ball, location: 2F
1-2: Fly out, F7 (Flyball, 7D, EV 98.1 MPH)
Batting: SHB Dave Van Sickle 0-0: Ball
1-0: Ball
2-0: Ball
3-0: Called Strike
3-1: Swinging Strike
3-2: Foul Ball, location: 2F
3-2: Base on Balls
Batting: RHB Alex Alvarez 0-0: Foul Ball, location: 2F
0-1: Fly out, F7 (Flyball, 78S, EV 94.4 MPH)
Bottom of the 7th over - 0 runs, 0 hits, 0 errors, 1 left on base; Stanford University 3 - Rice University 0
TOP OF THE 8TH
Stanford University Cardinal batting - Pitching for Rice University Owls : RHP Daniel Bushby
Pitching: RHP Nate Gulley
Batting: RHB Josh Benefield 0-0: Called Strike
0-1: Swinging Strike
0-2: Foul Ball, location: 2F
0-2: Fly out, F9 (Flyball, 89M, EV 97.5 MPH)
Batting: LHB Mike Keating 0-0: Ball
1-0: Swinging Strike
1-1: Ball
2-1: Foul Ball, location: 2F
2-2: Ball
3-2: Strikes out looking
Batting: LHB Andy Swan 0-0: Foul Ball, location: 2F
0-1: Ground out 4-3 (Groundball, 4, EV 110.0 MPH)
Top of the 8th over - 0 runs, 0 hits, 0 errors, 0 left on base; Stanford University 3 - Rice University 0
BOTTOM OF THE 8TH
Rice University Owls batting - Pitching for Stanford University Cardinal : LHP Carlton Hookway
Pitching: RHP Dante Verduzco
Batting: RHB Allen Jarvis 0-0: Ball
1-0: Called Strike
1-1: Foul Ball, location: 2F
1-2: Strikes out swinging
Batting: LHB Aldred Lieshout 0-0: Ball
1-0: Ball
2-0: Foul Ball, location: 2F
2-1: Fly out, F7 (Flyball, 7D, EV 98.8 MPH)
Batting: RHB Jose Soto 0-0: Ball
1-0: Foul Ball, location: 2F
1-1: Foul Ball, location: 2F
1-2: Foul Ball, location: 2F
1-2: Foul Ball, location: 2F
1-2: SINGLE (Flyball, 8LS, EV 89.4 MPH)
Batting: RHB Javier Quinones 0-0: Called Strike
0-1: Called Strike
0-2: Ball
1-2: Ball
2-2: Foul Ball, location: 2F
2-2: Ball
3-2: Ground out U3 (Groundball, 3, EV 86.2 MPH)
Bottom of the 8th over - 0 runs, 1 hit, 0 errors, 1 left on base; Stanford University 3 - Rice University 0
TOP OF THE 9TH
Stanford University Cardinal batting - Pitching for Rice University Owls : RHP Nate Gulley
Pitching: LHP Mitchell Carter
Batting: RHB Dzevat Koljevic 0-0: Ball
1-0: Foul Ball, location: 2F
1-1: Foul Ball, location: 2F
1-2: Foul Ball, location: 2F
1-2: Ball
2-2: Ground out 4-3 (Groundball, 4M, EV 110.0 MPH)
Pinch Hitting: RHB Gary Preston 0-0: Called Strike
0-1: Ball
1-1: Ball
2-1: Fly out, F9 (Line Drive, 89M, EV 95.0 MPH)
Batting: RHB Joe Petley 0-0: Ball
1-0: Swinging Strike
1-1: Swinging Strike
1-2: Foul Ball, location: 2F
1-2: Ball
2-2: Strikes out swinging
Top of the 9th over - 0 runs, 0 hits, 0 errors, 0 left on base; Stanford University 3 - Rice University 0
BOTTOM OF THE 9TH
Rice University Owls batting - Pitching for Stanford University Cardinal : RHP Dante Verduzco
Pitching: LHP Marco Mendez
Now at C: Chien Sam
Batting: RHB Neil Worth 0-0: Called Strike
0-1: Ball
1-1: Ball
2-1: Ball
3-1: Called Strike
3-2: Foul Ball, location: 2F
3-2: Base on Balls
Batting: SHB Wendel van Baal 0-0: Ball
1-0: Called Strike
1-1: Ball
2-1: Fielders Choice at 2nd, 5-4 (Groundball, 56, EV 106.2 MPH)
Batting: LHB Chris Gonzales 0-0: Called Strike
0-1: Ball
1-1: Foul Ball, location: 2F
1-2: Ball
2-2: Ball
3-2: Base on Balls
Wendel van Baal to second
Batting: SHB Dave Van Sickle 0-0: Ball
1-0: Ball
2-0: Ball
3-0: Grounds into double play, 4-6-3 (Groundball, 4, EV 106.2 MPH)
Bottom of the 9th over - 0 runs, 0 hits, 0 errors, 1 left on base; Stanford University 3 - Rice University 0
Tuesday, March 28th , 2023 - OOTP Baseball 23.10 Build 110